 Dungeon Crawl Stone Soup version 0.26-a0-1021-gda264ca44c (webtiles) character file.

Game seed: 14573451223571240410

56 sahdkjhfkaj the Sneak (level 3, -1/34 HPs)
             Began as a Deep Dwarf Delver on Dec 9, 2020.
             Slain by an orc wizard
             ... wielding a +0 dagger
              (3 damage)
             ... on level 4 of the Dungeon.
             The game lasted 00:00:49 (112 turns).

sahdkjhfkaj the Sneak (Deep Dwarf Delver)            Turns: 112, Time: 00:00:50

Health: -1/34      AC:  3    Str: 16    XL:     3   Next: 69%
Magic:  2/2        EV: 13    Int: 10    God:
Gold:   28         SH:  0    Dex: 14    Spells: 2/2 levels left

rFire    . . .     SeeInvis .   a - +0 hand axe
rCold    . . .     Faith    .   (no shield)
rNeg     . . .     Spirit   .   b - +0 leather armour
rPois    .         Reflect  .   (no helmet)
rElec    .         Harm     .   (no cloak)
rCorr    .         Rampage  .   (no gloves)
Will     .....                  (no boots)
Stlth    +++.......             (no amulet)
HPRegen  0.00/turn              (no ring)
MPRegen  0.08/turn              (no ring)

@: non-regenerating
A: damage resistance, heal wounds, sense surroundings 1, no regeneration
a: Heal Wounds


You were on level 4 of the Dungeon.
You visited 1 branch of the dungeon, and saw 2 of its levels.

You collected 28 gold pieces.

Inventory:

Hand Weapons
 a - a +0 hand axe (weapon)
Armour
 b - a +0 leather armour (worn)
Wands
 g - a wand of digging (3)
 h - a wand of flame (18)
Scrolls
 c - a scroll of fog
 d - a scroll of magic mapping
 e - a scroll of fear
Potions
 f - a potion of haste


   Skills:
 + Level 3.0 Fighting
 * Level 3.3 Axes
 + Level 1.3 Armour
 + Level 2.8 Dodging
 - Level 6.0 Stealth


You had 2 spell levels left.
You didn't know any spells.
Your spell library was empty.

Dungeon Overview and Level Annotations

Branches:
Dungeon (5/15)
 Temple: D:4-7

Altars:

Shops:
D:4 [


Innate Abilities, Weirdness & Mutations

You are resistant to damage.
You can heal yourself by infusing magical energy.
You passively map a small area around you.
You do not regenerate.


Message History

The orc wizard barely misses you. The orc hits you but does no damage.
You are too injured to fight recklessly!
You hit the orc wizard.
The orc wizard is moderately wounded.
You hit the orc but do no damage.
The orc wizard hits you but does no damage.
The orc completely misses you.
You are too injured to fight recklessly!
You hit the orc wizard.
The orc wizard is heavily wounded.
You hit the orc.
You kill the orc!
The orc wizard gestures wildly while chanting.
The orc wizard flickers and vanishes!
Deactivating autopickup; reactivate with Ctrl-A.
You are too injured to fight recklessly!
You are too injured to fight recklessly!
You are too injured to fight recklessly!
You miss something. Something hits you but does no damage. Something hits you.
You die...

,
...>...............
, ,
#........##......
..##......=#......
..#....()...<.....
,
.....##.)....)....
,
.##..#.)##........
, .#........##.....
* <..........##....
* ...##..@).....##+
..,*#...{....## .
#....##..#*
......### ..#
...#.## * .#* (.,##
,. * * # , , #. , ,
*


There were no monsters in sight!

Vanquished Creatures
  A worker ant (D:4)
  2 adders (D:4)
  5 orcs (D:4)
  A frilled lizard (D:4)
  A leopard gecko skeleton (D:4)
10 creatures vanquished.

Notes
Turn   | Place    | Note
-------+----------+-------------------------------------------
     0 | D:5      | sahdkjhfkaj the Deep Dwarf Delver began the quest for the
                  | Orb.
     0 | D:5      | Reached XP level 1. HP: 20/20 MP: 1/1
     4 | D:4      | Found Dothruu's Armour Shop.
    13 | D:4      | Reached XP level 2. HP: 20/27 MP: 2/2
    38 | D:4      | Reached skill level 1 in Armour
    38 | D:4      | Reached XP level 3. HP: 10/34 MP: 3/3
   112 | D:4      | Slain by an orc wizard

Illustrated notes

Levels and vault maps discovered:
D:4:      layout_cave_pools, gammafunk_temple_overflow_statue,
          lemuel_crystal_altar, minmay_temple_entry_hall, serial_shops, shop,
          hangedman_abyss_or_decor_stabs
D:5:      layout_cave_pools, nicolae_overflow_crystal_walls,
          lemuel_coloured_pillars_altar, serial_shops, nicolae_shop_stone,
          serial_bayou, serial_bayou_pond_b, serial_bayou_pond_b,
          serial_bayou_pond_c, serial_bayou_shore_a,
          hangedman_abyss_or_decor_slice

Skill      XL: |  1  2 |
---------------+-------+-----
Fighting       | 3 |  3.0
Axes           | 3 |  3.3
Armour         | 1 |  1.3
Dodging        | |  2.8
Stealth        | |  6.0

Action                   || total
-------------------------++-------
Melee: Hand axe          ||    50
 Abil: Heal Wounds       ||     3
Armor: Leather armour    ||    22
Dodge: Dodged            ||    49

Table legend: (Time is in decaauts)
 A = Elapsed time spent in this place.
 B = Non-inter-level travel time spent in this place.
 C = Inter-level travel time spent in this place.
 D = Time resting spent in this place.
 E = Time spent auto-exploring this place.
 F = Levels seen in this place.
 G = Mean time per level.
                   A        B        C        D        E       F      G
               +--------+--------+--------+--------+--------+-----+--------+
         Total |    118 |    118 |      0 |      0 |     16 |   2 |   59.0 |
       Dungeon |    118 |    118 |      0 |      0 |     16 |   2 |   59.0 |
               +--------+--------+--------+--------+--------+-----+--------+

Top non-repeatable levels by time:
     D:4: 114 daAuts
     D:5: 4 daAuts
